 Dungeon Crawl Stone Soup version 0.19-a0-867-g949743d (webtiles) character file.

65 Gagarin the Sneak (level 4, 0/21 HPs)
             Began as a Vine Stalker Enchanter on July 3, 2016.
             Was an Initiate of Okawaru.
             Incinerated by the fiery rage of Trog (5 damage)
             ... on level 3 of the Dungeon.
             The game lasted 00:14:47 (1567 turns).

Gagarin the Sneak (Vine Stalker Enchanter)          Turns: 1567, Time: 00:14:48

Health: 0/21       AC:  4    Str:  8 (11) XL:     4   Next: 13%
Magic:  0/9        EV: 12    Int: 15 (16) God:    Okawaru [......]
Gold:   156        SH:  0    Dex: 11 (14) Spells: 2 memorised, 5 levels left

rFire  . . .     SeeInvis .     a - +1 dagger
rCold  . . .     Gourm    .     b - +1 robe
rNeg   . . .     Faith    .     (no shield)
rPois  .         Spirit   +     (no helmet)
rElec  .         Dismiss  .     (no cloak)
rCorr  .         Reflect  .     (no gloves)
SustAt .         Harm     .     o - +0 pair of boots
MR     .....                    (no amulet)
Stlth  +.........               (no ring)
                                (no ring)

@: liquid flames, very slightly contaminated, glowing, not resistant to hostile
enchantments, very unstealthy
A: fangs 2, regeneration 1, magic shield, antimagic bite, no device heal 3, rot
immunity
a: Renounce Religion


You were on level 3 of the Dungeon.
You worshipped Okawaru.
Okawaru was noncommittal.
You were not hungry.

You visited 1 branch of the dungeon, and saw 3 of its levels.

You collected 156 gold pieces.

Inventory:

Hand Weapons
 a - a +1 dagger (weapon)
 m - a +0 hunting sling
Missiles
 k - 10 bolts
Armour
 b - a +1 robe (worn)
 o - a +0 pair of boots (worn)
Jewellery
 t - an uncursed ring of flight {unknown}
Scrolls
 e - 3 scrolls of teleportation {unknown}
 f - a scroll of fog {unknown}
 h - 5 scrolls of identify {unknown}
 i - 2 scrolls of remove curse {unknown}
 s - a scroll of recharging {unknown}
Potions
 l - a potion of flight {unknown}
 n - 2 potions of mutation {unknown}
 p - 3 potions of agility {unknown}
 q - a potion of curing {unknown}
 r - a potion of heal wounds {unknown}
 v - a potion of lignification
Books
 c - a book of Maledictions

   Spells                             Type                      Level
   a - Corona                         Hexes                        1
   b - Ensorcelled Hibernation        Hexes/Ice                    2
   c - Confuse                        Hexes                        3
   d - Tukima's Dance                 Hexes                        3
   e - Dazzling Spray                 Conjuration/Hexes            3
Comestibles
 d - 2 bread rations
 g - 2 chunks of flesh
 j - a beef jerky
 u - a meat ration


   Skills:
 + Level 0.5 Fighting
 + Level 1.0 Short Blades
 + Level 2.1 Dodging
 + Level 4.3 Stealth
 - Level 2.7 Spellcasting
 - Level 3.5 Hexes


You had 5 spell levels left.
You knew the following spells:

 Your Spells              Type           Power        Failure   Level  Hunger
a - Corona                Hex            ##.....      6%          1    #......
b - Ensorcelled Hibernat  Hex/Ice        #.....       17%         2    ##.....


Dungeon Overview and Level Annotations

Branches:
Dungeon (3/15)

Altars:
Okawaru
Trog


Innate Abilities, Weirdness & Mutations

You have extremely sharp teeth.
Your natural rate of healing is unusually fast.
When hurt, damage is shared between your health and your magic reserves.
Your bite disrupts and absorbs the magic of your enemies.
Potions and wands cannot restore your health.
You are immune to rotting.


Message History

You hit the orc.
The orc is lightly wounded.
The orc hits you with a dagger.
A bat comes into view.
The orc hits you but does no damage.
You hit the orc. Your bite misses the orc.
The orc is almost dead.
The orc hits you but does no damage. The orc hits you with a dagger.
The orc hits you with a mace of crushing.
The orc misses you.
You feel Trog's fiery rage upon you!
You are covered in liquid flames!
You are covered in liquid flames!
You are covered in liquid flames!
Found a glowing dagger.
Found a bloodstained altar of Trog.
You are covered in liquid flames!
* * * LOW HITPOINT WARNING * * *
An adder comes into view.
You are covered in liquid flames!
You die...

... .....
._.# .... S
#..# .. #
##.. #.# #.
#..##...#
#.K #..@..#
##..##
#..####
b.....###oo#
#.K.boo##
....#.o.o# #
. #.##o##
... #.
#o##..... #
#g.......
#..........


You could see an orc wizard, an adder (sleeping), 7 orcs, a goblin and a bat.

Vanquished Creatures
  An adder (D:2)
  An ooze (D:2)
  A worm (D:2)
  A dart slug (D:2)
  2 giant geckos (D:2)
  2 ball pythons (D:2)
  2 bats (D:1)
  2 giant cockroaches (D:2)
  11 goblins
  4 hobgoblins
  5 jackals
  4 kobolds
  A giant newt (D:1)
  3 rats
40 creatures vanquished.

Notes
Turn   | Place    | Note
-------+----------+-------------------------------------------
     0 | D:1      | Gagarin the Vine Stalker Enchanter began the quest for the Orb.
     0 | D:1      | Reached XP level 1. HP: 9/9 MP: 4/4
   250 | D:1      | Reached skill level 1 in Short Blades
   337 | D:1      | Reached XP level 2. HP: 13/13 MP: 6/6
   357 | D:1      | Reached skill level 4 in Stealth
   369 | D:1      | Learned a level 2 spell: Ensorcelled Hibernation
   887 | D:2      | Reached XP level 3. HP: 14/16 MP: 3/7
  1096 | D:2      | Found a faded altar of an unknown god.
  1146 | D:2      | Became a worshipper of Trog the Wrathful
  1146 | D:2      | Reached * piety under Trog
  1258 | D:2      | Reached XP level 4. HP: 19/21 MP: 6/9
  1473 | D:2      | Found an iron altar of Okawaru.
  1484 | D:2      | Fell from the grace of Trog
  1484 | D:2      | Became a worshipper of Warmaster Okawaru
  1565 | D:3      | Found a bloodstained altar of Trog.
  1567 | D:3      | Incinerated by the fiery rage of Trog

Vault maps used:
D:1:      nicolae_arrival_washed_ashore, minmay_surrounded
D:2:      ecumenical_altar_2, first_bread, kennysheep_okawaru_gauntlet
D:3:      grunt_decor_one_mirror, bloody_trog

Skill      XL: |  1  2  3 |
---------------+----------+-----
Short Blades   | 1 |  1.0
Stealth        | 4 |  4.3
Dodging        | 2 |  2.1
Fighting       | |  0.5
Spellcasting   | |  2.7
Hexes          | |  3.5

Action                   |  1- 3 |  4- 6 || total
-------------------------+-------+-------++-------
Melee: Dagger            |   149 |    17 ||   166
       Bite              |    24 |     6 ||    30
 Cast: Corona            |    10 |       ||    10
       Ensorcelled Hiber |     4 |     3 ||     7
  Use: Potion            |     2 |       ||     2
 Stab: Sleeping          |     7 |       ||     7
  Eat: Chunk             |     2 |     1 ||     3
Armor: Robe              |    24 |     5 ||    29
       Skin              |     9 |       ||     9
Dodge: Dodged            |    79 |    20 ||    99
